 Dungeon Crawl Stone Soup version 0.21-a0-591-g2314aa1 (webtiles) character file.

95 vishdafish the Charmwright (level 4, 0/33 HPs)
             Began as a Demonspawn Skald on Dec 22, 2017.
             Succumbed to Amnesiac's ghost's poison
             ... on level 3 of the Dungeon.
             The game lasted 00:04:08 (2084 turns).

vishdafish the Charmwright (Demonspawn Skald)       Turns: 2084, Time: 00:04:08

Health: 0/33       AC:  6    Str: 15 (16) XL:     4   Next: 39%
Magic:  8/8        EV: 12    Int: 21      God:
Gold:   150        SH:  0    Dex: 10 (12) Spells: 7/8 levels left

rFire    . . .     SeeInvis .   a - +0 spear
rCold    . . .     Gourm    .   (no shield)
rNeg     . . .     Faith    .   b - +0 leather armour
rPois    .         Spirit   .   (no helmet)
rElec    .         Reflect  .   (no cloak)
rCorr    .         Harm     .   (no gloves)
MR       .....                  i - +0 pair of boots
Stlth    +.........             (no amulet)
HPRegen  0.11/turn              (no ring)
MPRegen  0.11/turn              (no ring)

@: mighty, brilliant, lethally poisoned (0 -> -3), berserk cooldown, flying,
slowed, very slow
A: icy blue scales 1
a: no special abilities


You were on level 3 of the Dungeon.
You were hungry.

You visited 1 branch of the dungeon, and saw 4 of its levels.

You collected 150 gold pieces.

Inventory:

Hand Weapons
 a - a +0 spear (weapon)
Armour
 b - a +0 leather armour (worn)
 i - a +0 pair of boots (worn)
Jewellery
 g - an uncursed ring of ice
Scrolls
 e - a scroll of random uselessness
 f - a scroll of remove curse
 m - a scroll of enchant weapon {unknown}
 n - a scroll of magic mapping {unknown}
 r - a scroll of blinking {unknown}
 s - a scroll of identify {unknown}
Books
 c - a book of Battle

   Spells                             Type                      Level
   a - Infusion                       Charms                       1
   b - Shroud of Golubria             Charms/Translocation         2
   c - Song of Slaying                Charms                       2
   d - Spectral Weapon                Hexes/Charms                 3
   e - Regeneration                   Charms/Necromancy            3
Comestibles
 d - 5 rations


   Skills:
 - Level 2.0 Fighting
 * Level 2.8 Polearms
 - Level 1.0 Armour
 + Level 2.4 Dodging
 + Level 2.6 Spellcasting
 - Level 3.2 Charms


You had 7 spell levels left.
You knew the following spells:

 Your Spells              Type           Power        Failure   Level  Hunger
a - Infusion              Chrm           ####         1%          1    None


Dungeon Overview and Level Annotations

Branches:
Dungeon (4/15)
 Temple: D:4-7

Altars:
Gozag
Xom

Shops:
D:4 (

Annotations:
D:3 Amnesiac's ghost, amateur DEIE


Innate Abilities, Weirdness & Mutations

You are partially covered in icy blue scales. (AC +2)


Message History

* * * LOW HITPOINT WARNING * * *
You feel sick.
You are no longer berserk.
You are exhausted.
You feel yourself slow down.
* * * LOW HITPOINT WARNING * * *
You feel sick.
It was a potion of flight.
You feel very buoyant.
You fly up into the air.
* * * LOW HITPOINT WARNING * * *
You feel sick.
It was a potion of brilliance.
You feel clever all of a sudden.
* * * LOW HITPOINT WARNING * * *
You feel sick.
You aren't carrying any potions.
* * * LOW HITPOINT WARNING * * *
You feel sick.
You die...

#######... #. #.......#.#
#......... #. #.......#.#
#####'######.# #. ...._.....#
#..(......##.###### #.......#.#
#..........#.##.... ......
#.#####..........#.##.... ....
#............###.......<.
####.####.##########.#####.##....
................@..........##....
.#.#.#.#.#.#########.############
.. #...#.#.......................
# ###.#.###########.############
#.#.# #.....# # #†#.# #.##### #
#.#.# #.# # #.#.# #.# # #.# #.# #


There were no monsters in sight!

Vanquished Creatures
  A worker ant (D:4)
  2 adders (D:2)
  An ooze (D:2)
  A worm (D:3)
  A dart slug (D:2)
  2 leopard geckos
  An orc (D:4)
  3 bats (D:1)
  6 giant cockroaches
  7 hobgoblins
  4 jackals (D:4)
  3 frilled lizards
  4 kobolds
  4 rats
40 creatures vanquished.

Notes
Turn   | Place    | Note
-------+----------+-------------------------------------------
     0 | D:1      | vishdafish the Demonspawn Skald began the quest for the Orb.
     0 | D:1      | Reached XP level 1. HP: 16/16 MP: 3/3
    95 | D:1      | Reached skill level 3 in Charms
   293 | D:1      | Gained mutation: You are partially covered in icy blue scales. (AC +2) [demonic ancestry]
   293 | D:1      | Reached XP level 2. HP: 20/22 MP: 5/5
   806 | D:2      | Reached skill level 1 in Armour
   930 | D:2      | Reached XP level 3. HP: 25/27 MP: 6/6
  1500 | D:3      | Noticed Amnesiac's ghost (amateur DEIE)
  1520 | D:4      | Found Lucim's Antique Weapon Boutique.
  1550 | D:4      | Reached XP level 4. HP: 14/33 MP: 1/7
  1558 | D:4      | Noticed an ogre
  1905 | D:3      | Found an opulent altar of Gozag.
  1971 | D:3      | Found a shimmering altar of Xom.
  2083 | D:3      | HP: 1/33 [poisoned by Amnesiac's ghost]
  2084 | D:3      | Succumbed to Amnesiac's ghost's poison

Vault maps used:
D:1:      dpeg_arrival_stone_temple_mockup
D:2:      first_ration, minmay_misc_feat_plants, st_stairs_1, minmay_door_square
D:3:      old_standard_altar, xom_teletrap_fun
D:4:      kennysheep_ying_yang, tso_metal_star,
          nemelex_xobeh_ov_fountains_minmay, zin_purify, serial_shops, shop

Skill      XL: |  1  2 |
---------------+-------+-----
Charms         | 3 |  3.2
Armour         | 1 |  1.0
Polearms       | 2 |  2.8
Dodging        | 2 |  2.4
Fighting       | |  2.0
Spellcasting   | |  2.6

Action                   |  1- 3 |  4- 6 || total
-------------------------+-------+-------++-------
Melee: Spear             |   124 |    52 ||   176
 Cast: Infusion          |     4 |       ||     4
  Use: Potion            |     1 |     8 ||     9
       Scroll            |       |     4 ||     4
 Stab: Sleeping          |     2 |       ||     2
  Eat: Ration            |     1 |       ||     1
Armor: Leather armour    |    26 |     9 ||    35
Dodge: Dodged            |    54 |    30 ||    84

Table legend:
 A = Spawn XP
 B = Non-spawn XP
 C = Spawn XP percentage of total XP
 D = Spawn monster count
 E = Non-spawn monster count
 F = Spawn count percentage of total count
 G = Total turns spent on level
                    A         B        C        D         E        F      G
               +---------+---------+-------+---------+---------+-------+---------
         Total |       0 |     136 |   0.0 |       0 |      40 |   0.0 |  2084
               +---------+---------+-------+---------+---------+-------+---------
           D:1 |       0 |      29 |   0.0 |       0 |      17 |   0.0 |   796
           D:2 |       0 |      47 |   0.0 |       0 |       9 |   0.0 |   611
           D:3 |       0 |      13 |   0.0 |       0 |       7 |   0.0 |   599
           D:4 |       0 |      47 |   0.0 |       0 |       7 |   0.0 |    78
               +---------+---------+-------+---------+---------+-------+---------
